 Dungeon Crawl Stone Soup version 0.27-a0-1591-gc56fcc985a (webtiles) character file.

Game seed: 8681708860852358221

77 Majang the Slasher (level 4, -1/28 HPs)
             Began as a Tengu Gladiator on July 19, 2021.
             Killed by divine providence
             ... invoked by an orc priest
              (14 damage)
             ... on level 3 of the Dungeon.
             The game lasted 00:04:44 (1665 turns).

Majang the Slasher (Tengu Gladiator)                Turns: 1665, Time: 00:04:44

Health: -1/28      AC:  6    Str: 15    XL:     4   Next: 33%
Magic:  5/5        EV: 11    Int:  9    God:
Gold:   53         SH:  0    Dex: 15    Spells: 3/3 levels left

rFire    . . .     SeeInvis .   a - +0 long sword
rCold    . . .     Faith    .   (no shield)
rNeg     . . .     Spirit   .   e - +0 ring mail
rPois    .         Reflect  .   c - +0 hat
rElec    .         Harm     .   h - +0 cloak
rCorr    .         Rampage  .   (no gloves)
Will     .....                  (boots unavailable)
Stlth    +.........             (no amulet)
HPRegen  0.09/turn              (no ring)
MPRegen  0.09/turn              (no ring)

@: no status effects
A: beak, talons 3
a: no special abilities


You were on level 3 of the Dungeon.
You visited 1 branch of the dungeon, and saw 3 of its levels.

You collected 53 gold pieces.

Inventory:

Hand Weapons
 a - a +0 long sword (weapon)
Missiles
 d - 3 throwing nets (quivered)
 l - 18 poisoned darts
Armour
 b - a +0 leather armour
 c - a +0 hat (worn)
 e - a +0 ring mail (worn)
 h - a +0 cloak (worn)
Jewellery
 g - a ring of ice
Scrolls
 i - 5 scrolls of identify
 j - a scroll of amnesia
 m - a scroll of enchant armour {unknown}
Potions
 f - a potion of mutation
 k - a potion of curing {unknown}
 n - a potion of berserk rage {unknown}


   Skills:
 + Level 3.0 Fighting
 * Level 4.9 Long Blades
 - Level 2.0 Throwing
 - Level 3.2 Dodging


You had 3 spell levels left.
You didn't know any spells.
Your spell library was empty.

Dungeon Overview and Level Annotations

Branches:
Dungeon (3/15)

Altars:

Shops:
D:1 *   D:3 ?


Innate Abilities, Weirdness & Mutations

You have a beak for a mouth.
You have claws for feet.


Message History

You hear a shout!
You start waiting.
An orc is nearby!
You slash the orc!
You kill the orc!
You start waiting.
An orc priest comes into view. It is wielding a +0 flail.
The orc priest shouts!
An orc priest comes into view. It is wielding a +0 trident.
The orc priest hits you but does no damage.
You see here a +0 war axe.
You hit the orc priest.
The orc priest is lightly wounded.
A kobold comes into view.
It is wielding a +0 short sword and quivering poisoned darts.
The orc priest barely misses you.
You riposte.
The kobold shouts!
You slash the orc priest! You claw the orc priest.
The orc priest is almost dead.
The orc priest barely misses you.
You riposte.
You hit the orc priest but do no damage.
You claw the orc priest.
The orc priest is heavily wounded.
As you read the scroll labelled XUATUX ZUYR, it crumbles to dust.
It is a scroll of identify.
f - a potion of mutation The kobold throws a poisoned dart.
The poisoned dart barely misses you.
The orc priest hits you with a +0 flail.
The orc priest mumbles some strange prayers to Beogh against you.
Pain shoots through your body!
As you read the scroll labelled DEOCANOIBBUS, it crumbles to dust.
It is a scroll of amnesia.
You feel forgetful for a moment.
The orc priest hits you with a +0 flail.
The orc priest barely misses you.
You riposte.
You hit the orc priest. Your kick misses the orc priest.
The orc priest is almost dead.
The orc priest invokes the aid of Beogh against you.
Beogh smites you!
Ouch! That really hurt!
You die...

#.........# #.
######.........#
#.
.....#..)......#
#. #⌠.⌠........#
#. #.∩.##......#
## #⌠.⌠####....#
# #...........#
# #...........#
. ##@.....#####
#
#..o.ooo...(...
#######........
######... .K. ..


You could see 3 orc priests, an orc and a kobold.

Vanquished Creatures
  3 adders (D:2)
  3 worms (D:2)
  2 orcs
  2 bats
  2 endoplasms (D:2)
  A giant cockroach (D:2)
  10 goblins
  4 hobgoblins
  2 kobolds (D:1)
  2 quokkas (D:1)
  2 ball pythons (D:1)
  A frilled lizard (D:1)
34 creatures vanquished.

Notes
Turn   | Place    | Note
-------+----------+-------------------------------------------
     0 | D:1      | Majang the Tengu Gladiator began the quest for the Orb.
     0 | D:1      | Reached XP level 1. HP: 12/12 MP: 2/2
   119 | D:1      | Reached XP level 2. HP: 15/17 MP: 3/3
   246 | D:1      | Found Picsiy's Assorted Antiques.
   596 | D:1      | Found a faded altar of an unknown god.
   605 | D:1      | Reached skill level 4 in Long Blades
   911 | D:2      | Reached XP level 3. HP: 20/22 MP: 4/4
  1269 | D:2      | Reached XP level 4. HP: 21/27 MP: 5/5
  1625 | D:3      | Found Vumeat's Magic Scroll Shop.
  1665 | D:3      | Killed from afar by an orc priest

Illustrated notes

Levels and vault maps discovered:
D:1:      dpeg_arrival_boxes_within_box, layout_loops_ring,
          ebering_ecumenical_altar_rust, serial_shops, nicolae_shop_statue_plus
D:2:      layout_rooms
D:3:      layout_basic, serial_shops, shop_fountains

Skill      XL: |  1  2  3  4 |
---------------+-------------+-----
Long Blades    | 4 |  4.9
Fighting       | 3 |  3.0
Throwing       | |  2.0
Dodging        | |  3.2

Action                   |  1- 3 |  4- 6 || total
-------------------------+-------+-------++-------
Melee: Long sword        |    56 |    16 ||    72
       Kick              |    19 |     4 ||    23
       Peck              |     7 |     1 ||     8
  Use: Scroll            |       |     2 ||     2
Armor: Ring mail         |    16 |     7 ||    23
Dodge: Dodged            |    22 |     5 ||    27
       Rpst.: Long sword |     9 |     3 ||    12

Table legend: (Time is in decaauts)
 A = Elapsed time spent in this place.
 B = Non-inter-level travel time spent in this place.
 C = Inter-level travel time spent in this place.
 D = Time resting spent in this place.
 E = Time spent auto-exploring this place.
 F = Levels seen in this place.
 G = Mean time per level.
                   A        B        C        D        E       F      G
               +--------+--------+--------+--------+--------+-----+--------+
         Total |   1679 |   1483 |    196 |    215 |   1014 |   3 |  559.7 |
       Dungeon |   1679 |   1483 |    196 |    215 |   1014 |   3 |  559.7 |
               +--------+--------+--------+--------+--------+-----+--------+

Top non-repeatable levels by time:
     D:1: 905 daAuts
     D:2: 708 daAuts
     D:3: 65 daAuts
